Map: [ESL] Gresvan

Players

GuMiho - Winner!

  • Race: Terran Terran
  • Spawn Location: 11:00

Solar

  • Race: Zerg Zerg
  • Spawn Location: 5:00

Event: IEM Katowice 2023

VOD

Have the link to the VOD?

Description

Time

  • Played on: Feb. 11, 2023, 9:34 a.m.
  • Length: 21:19

All games in this series

Show
View Real Time Build Order
Export as new Build Order

GuMiho Terran - Winner!

Build Orders:  

Get SALT Encoding   

  12  0:00  SCV  
  13  0:12  SCV  
  14  0:17  Supply Depot  
  14  0:24  SCV  
  15  0:38  SCV  
  15  0:40  Barracks  
  16  0:50  SCV  
  16  0:52  Refinery  
  17  1:03  SCV  
  18  1:15  SCV  
  19  1:27  Orbital Command, Marine  
  20  1:37  Command Center  
  20  1:44  Supply Depot  
  20  1:46  Marine  
  21  1:52  SCV  
  22  2:01  Factory  
  22  2:04  Marine  
  22  2:08  SCV  
  24  2:13  Refinery  
  24  2:20  SCV  
  25  2:23  Barracks Reactor  
  25  2:32  SCV  
  26  2:44  SCV, Hellion  
  26  2:46  Starport  
  26  2:48  Orbital Command  
  29  2:56  SCV  
  30  2:59  Marine x2  
  30  3:01  Refinery  
  32  3:07  Factory Tech Lab  
  32  3:08  SCV  
  33  3:15  SCV  
  34  3:20  SCV  
  34  3:22  Fusion Core  
  35  3:28  SCV  
  35  3:32  SCV  
  37  3:39  Hellion x2  
  37  3:40  SCV  
  37  3:41  Supply Depot  
  42  3:45  SCV  
  43  3:49  Refinery  
  43  3:52  SCV  
  44  3:57  SCV  
  45  4:08  SCV  
  45  4:09  SCV  
  45  4:10  Battlecruiser  
  45  4:13  Starport  
  51  4:17  Supply Depot  
  51  4:23  Weapon Refit  
  51  4:26  SCV  
  51  4:27  SCV  
  53  4:34  Barracks Tech Lab  
  53  4:40  SCV x2, Supply Depot  
  55  4:46  Supply Depot, Hellion  
  55  4:47  Hellion  
  59  4:54  SCV x2  
  61  5:04  Battlecruiser  
  69  5:10  Supply Depot  
  69  5:20  Hellion x2  
  71  5:24  Battlecruiser  
  71  5:26  SCV  
  78  5:31  SCV  
  79  5:38  SCV  
  79  5:39  Supply Depot  
  79  5:41  Hellion x2  
  84  5:43  SCV  
  85  5:50  SCV  
  86  6:00  Command Center, Supply Depot  
  86  6:01  SCV  
  86  6:02  Supply Depot  
  87  6:11  Battlecruiser  
  93  6:23  Hellion  
  93  6:24  Hellion  
  97  6:29  Battlecruiser  
  93  6:47  Hellion  
  93  6:53  Widow Mine  
  95  6:55  SCV  
  95  7:01  SCV  
  97  7:07  SCV  
  98  7:09  Hellion  
  98  7:12  Engineering Bay  
  98  7:13  SCV  
  98  7:14  Hellion  
  98  7:15  Battlecruiser  
  109  7:19  SCV  
  108  7:25  SCV  
  109  7:30  Hellion  
  109  7:31  SCV  
  109  7:36  Orbital Command, Hellion  
  108  7:37  Battlecruiser  
  108  7:38  SCV  
  108  7:43  SCV  
  116  7:47  Refinery  
  116  7:49  Missile Turret  
  116  7:50  SCV  
  116  7:51  Refinery  
  117  7:55  SCV  
  117  7:57  Hellion x2  
  122  8:02  SCV  
  121  8:07  SCV  
  119  8:15  SCV  
  119  8:19  SCV  
  116  8:21  Hellion  
  116  8:22  Battlecruiser, Hellion  
  116  8:27  SCV  
  113  8:31  SCV  
  113  8:32  Missile Turret x2  
  114  8:39  SCV  
  101  8:43  SCV  
  98  8:51  SCV  
  98  8:52  Battlecruiser  
  102  8:56  SCV  
  103  9:03  SCV  
  103  9:07  Factory, Missile Turret  
  103  9:08  Factory, SCV  
  103  9:14  Bunker, Hellion x2  
  103  9:15  Marine, SCV  
  109  9:20  SCV  
  109  9:23  SCV  
  111  9:24  Missile Turret  
  111  9:27  SCV, Missile Turret  
  112  9:32  SCV  
  112  9:33  Marine, Battlecruiser  
  120  9:39  SCV  
  121  9:48  Hellion x2  
  125  9:53  Command Center  
  125  9:54  Factory Tech Lab x2  
  125  9:56  Marine  
  125  9:59  Supply Depot  
  126  10:00  Factory  
  126  10:01  Factory, Battlecruiser  
  132  10:26  Cyclone, Hellion x2  
  132  10:27  Cyclone  
  132  10:28  Mag-Field Accelerator  
  138  10:40  Battlecruiser  
  140  10:46  Supply Depot  
  140  10:47  Supply Depot  
  140  10:48  Supply Depot  
  140  10:52  Sensor Tower, Factory Reactor  
  140  10:53  Factory Tech Lab  
  140  10:55  Command Center  
  140  10:57  Hellion x2  
  140  11:02  Siege Tank  
  147  11:05  Siege Tank, Battlecruiser  
  156  11:14  Siege Tank  
  159  11:18  Hellion  
  159  11:19  Hellion  
  157  11:34  Siege Tank, Hellion  
  157  11:35  Hellion  
  157  11:37  Siege Tank  
  159  11:44  Hellion x2  
  159  11:45  Refinery, Missile Turret  
  159  11:46  Planetary Fortress  
  163  11:47  Refinery, Missile Turret  
  163  11:48  Missile Turret  
  163  11:50  Missile Turret  
  163  11:55  Armory  
  163  11:57  Hellion  
  163  11:59  Armory  
  159  12:10  Siege Tank, Command Center  
  159  12:13  Siege Tank  
  165  12:20  Infernal Pre-Igniter  
  165  12:31  Factory  
  165  12:37  Factory  
  165  12:39  Orbital Command  
  165  12:48  Refinery  
  165  12:50  Starport Tech Lab  
  165  12:52  Refinery  
  165  12:53  Starport Tech Lab, Missile Turret x2  
  165  12:55  Terran Vehicle Weapons Level 1, Command Center, Terran Vehicle And Ship Armor Level 1  
  165  12:57  Hi-Sec Auto Tracking  
  165  12:58  Command Center  
  165  13:02  SCV x3  
  168  13:10  Siege Tank x3  
  168  13:12  Smart Servos  
  177  13:20  Sensor Tower  
  177  13:25  Orbital Command  
  177  13:28  Command Center  
  177  13:29  Battlecruiser  
  177  13:32  Raven  
  183  13:51  Siege Tank  
  183  13:52  Siege Tank, Hellion x5  
  183  13:54  Neosteel Armor  
  187  14:04  Missile Turret x2  
  192  14:35  Cyclone x5  
  192  14:36  Hellion x3  
  192  14:37  Hellion  
  200  14:51  Terran Vehicle And Ship Armor Level 2, Terran Vehicle Weapons Level 2  
  196  14:55  Orbital Command, Refinery  
  196  14:58  Command Center, Hellion  
  198  15:18  Command Center  
  198  15:19  Orbital Command  
  198  15:20  Orbital Command  
  198  15:35  Sensor Tower, Missile Turret x2  
  191  15:45  Orbital Command, Cyclone x3  
  191  15:49  Missile Turret  
  200  15:50  Missile Turret  
  200  15:53  Sensor Tower  
  200  16:04  Command Center  
  200  16:06  Missile Turret x2  
  200  16:07  Missile Turret  
  200  16:08  Missile Turret  
  200  16:09  Missile Turret  
  200  16:13  Sensor Tower  
  180  16:30  Cyclone  
  180  16:31  Missile Turret, Cyclone x4  
  180  16:32  Hellion x2  
  161  16:33  Hellion  
  158  16:43  Hellion  
  160  16:56  Orbital Command  
  160  17:07  Terran Ship Weapons Level 1  
  166  17:09  Thor x3  
  166  17:10  Thor  
  184  17:18  Planetary Fortress  
  184  17:33  Thor, Hellion x4  
  192  17:53  Hellion x4  
  192  17:54  Hellion  
  192  17:57  Hellion x2  
  190  18:13  Thor  
  190  18:19  Thor x2  
  193  18:24  Orbital Command  
  196  18:27  Hellion  
  196  18:28  Hellion  
  197  18:48  Thor x2  
  189  18:56  Thor  
  193  19:05  Thor  
  193  19:06  Orbital Command  
  197  19:10  Hellion x2  
  197  19:11  Orbital Command  
  199  19:20  Thor  
  191  19:24  Hellion  
  191  19:25  Hellion  
  199  19:31  Hellion x2  
  199  19:51  Thor x2  
  189  19:56  Thor  
  190  20:03  Battlecruiser  
  191  20:14  Hellion x2  
  191  20:15  Hellion x2  
  191  20:32  Siege Tank  
  191  20:34  Hellion x3  
  188  20:43  Hellion x2  
  188  20:44  Hellion x2  
  188  20:49  Hellion  
  198  20:55  Hellion  
Show
View Real Time Build Order
Export as new Build Order

Solar Zerg 

Build Orders: Hatch First 

Get SALT Encoding   

  12  0:00  Drone  
  13  0:12  Overlord  
  13  0:17  Drone  
  14  0:31  Drone x2  
  16  0:48  Hatchery  
  15  0:51  Drone  
  15  0:54  Drone  
  17  0:57  Drone  
  18  1:08  Extractor  
  17  1:14  Spawning Pool  
  17  1:16  Drone  
  17  1:19  Drone  
  18  1:28  Drone  
  19  1:39  Drone  
  20  1:49  Drone  
  21  2:01  Queen x2, Zergling x2  
  23  2:02  Zergling x2  
  27  2:12  Overlord  
  27  2:13  Metabolic Boost  
  27  2:15  Drone  
  28  2:28  Hatchery  
  28  2:30  Drone  
  28  2:32  Drone  
  28  2:36  Drone  
  30  2:42  Queen  
  32  2:47  Overlord  
  32  2:50  Drone  
  33  2:53  Drone  
  33  2:55  Drone  
  33  2:57  Drone  
  36  3:06  Drone x2  
  36  3:12  Drone x3  
  41  3:16  Overlord  
  41  3:18  Queen  
  42  3:24  Extractor, Queen  
  44  3:30  Overlord  
  44  3:37  Drone x3  
  44  3:39  Queen  
  44  3:40  Drone  
  50  3:43  Drone x2  
  50  3:46  Zergling x4  
  54  3:50  Zergling x4  
  54  3:51  Zergling x2  
  54  3:53  Zergling x2  
  58  3:57  Zergling x2  
  58  3:58  Overlord  
  59  4:06  Queen  
  59  4:09  Drone x3  
  62  4:14  Drone x4  
  66  4:17  Drone x3  
  66  4:21  Spore Crawler  
  66  4:23  Queen  
  70  4:26  Spore Crawler  
  70  4:30  Drone x2  
  70  4:31  Overlord  
  71  4:33  Drone  
  71  4:35  Drone x2  
  74  4:38  Overlord  
  74  4:43  Overlord  
  74  4:47  Spore Crawler  
  74  4:49  Extractor  
  74  4:50  Extractor, Drone x5  
  75  4:53  Queen  
  75  4:56  Lair  
  77  5:00  Drone x3  
  77  5:06  Roach Warren  
  79  5:07  Extractor, Drone x2  
  79  5:08  Drone  
  79  5:11  Drone, Spore Crawler  
  81  5:14  Drone x3  
  81  5:18  Overlord  
  84  5:21  Extractor  
  84  5:22  Zergling x4  
  84  5:23  Extractor, Drone x2  
  84  5:26  Drone  
  84  5:27  Drone  
  87  5:31  Drone x2  
  87  5:32  Drone  
  87  5:35  Overlord  
  89  5:37  Overlord  
  89  5:42  Drone x2  
  91  5:45  Overlord  
  91  5:47  Overlord  
  91  5:49  Overlord  
  91  5:52  Overlord  
  91  5:54  Roach x2  
  95  6:01  Spire  
  95  6:02  Roach, Spore Crawler  
  96  6:04  Drone  
  96  6:06  Overseer  
  96  6:07  Drone  
  96  6:09  Queen  
  97  6:11  Drone  
  97  6:12  Drone  
  97  6:14  Drone  
  97  6:18  Overlord  
  98  6:19  Roach x2  
  98  6:24  Queen  
  104  6:28  Overlord  
  104  6:32  Overlord  
  104  6:35  Overlord  
  104  6:37  Drone  
  104  6:38  Overlord, Extractor  
  102  6:45  Queen  
  102  6:48  Spore Crawler  
  102  6:49  Overlord  
  98  7:01  Drone x3  
  88  7:14  Corruptor x7  
  100  7:17  Corruptor  
  100  7:21  Corruptor  
  102  7:25  Corruptor  
  102  7:29  Corruptor  
  106  7:36  Extractor  
  103  7:39  Drone x5  
  103  7:40  Drone x3  
  103  7:42  Drone x2  
  113  7:45  Zerg Flyer Weapons Level 1  
  113  7:48  Drone  
  112  7:52  Glial Reconstitution  
  112  7:55  Overlord  
  112  7:57  Drone x4  
  116  8:04  Zergling x8  
  110  8:17  Roach  
  110  8:18  Roach x3  
  109  8:22  Roach  
  110  8:27  Roach  
  110  8:33  Corruptor  
  104  8:42  Corruptor  
  104  8:46  Corruptor  
  96  8:55  Corruptor  
  96  8:57  Drone x3  
  96  8:59  Drone  
  96  9:00  Drone  
  96  9:01  Drone  
  104  9:02  Drone  
  104  9:07  Drone x2  
  106  9:15  Drone x2  
  106  9:16  Hatchery  
  106  9:17  Drone  
  108  9:18  Drone  
  108  9:21  Evolution Chamber  
  108  9:23  Corruptor  
  110  9:27  Corruptor  
  110  9:30  Drone  
  113  9:32  Drone x2  
  113  9:37  Infestation Pit, Corruptor  
  116  9:45  Zergling x12  
  120  9:47  Drone  
  120  9:48  Drone  
  120  9:50  Zerg Missile Weapons Level 1  
  120  9:51  Overlord  
  122  9:53  Extractor  
  122  9:55  Corruptor  
  122  9:57  Drone  
  122  9:58  Drone  
  125  10:00  Drone x2  
  125  10:16  Drone x2  
  125  10:17  Infestor x3  
  127  10:25  Zerg Flyer Weapons Level 2  
  127  10:26  Zergling x18  
  127  10:28  Roach  
  133  10:35  Drone x3  
  136  10:36  Roach  
  136  10:43  Burrow, Corruptor  
  136  10:44  Corruptor  
  136  10:46  Drone x2  
  142  10:52  Extractor, Drone  
  142  10:54  Queen  
  142  10:55  Drone, Spore Crawler  
  144  10:57  Roach x2  
  144  11:02  Roach  
  155  11:04  Roach x3  
  155  11:07  Overlord  
  152  11:16  Roach x4  
  159  11:24  Hatchery  
  151  11:26  Drone x5  
  151  11:28  Drone  
  151  11:31  Drone x2  
  151  11:32  Drone  
  153  11:35  Drone  
  153  11:36  Drone  
  153  11:38  Drone  
  154  11:43  Lair  
  154  11:46  Drone  
  153  12:00  Queen  
  149  12:02  Hatchery  
  149  12:06  Roach x2  
  149  12:07  Ravager x3  
  155  12:17  Drone x8  
  155  12:22  Roach x2  
  167  12:28  Overlord, Drone x2  
  167  12:29  Drone x2  
  171  12:35  Roach x2  
  175  12:40  Extractor  
  175  12:43  Drone, Spine Crawler  
  175  12:44  Drone  
  175  12:45  Zerg Missile Weapons Level 2  
  175  12:54  Hive  
  175  13:00  Ravager x3  
  175  13:04  Roach x7  
  175  13:05  Roach  
  194  13:07  Drone x2  
  194  13:08  Drone  
  194  13:09  Drone  
  194  13:11  Drone x2  
  200  13:20  Extractor  
  200  13:21  Extractor  
  200  13:26  Zergling x4  
  200  13:32  Hatchery, Evolution Chamber  
  198  13:37  Pneumatized Carapace  
  198  13:44  Drone  
  198  13:46  Zergling x2  
  198  13:47  Zergling x10  
  199  13:51  Drone  
  198  13:58  Overseer  
  198  14:00  Zerg Melee Weapons Level 1  
  198  14:06  Spore Crawler  
  198  14:07  Spine Crawler  
  198  14:08  Drone x3, Greater Spire  
  194  14:32  Zergling x12  
  198  14:44  Corruptor x6  
  196  14:45  Corruptor  
  196  14:46  Corruptor  
  196  14:49  Drone x2  
  196  14:50  Drone  
  193  14:54  Drone  
  193  14:55  Viper  
  197  15:02  Spine Crawler  
  197  15:03  Zerg Ground Armor Level 1  
  197  15:04  Drone  
  197  15:07  Drone  
  197  15:10  Drone  
  197  15:11  Drone  
  197  15:12  Hatchery  
  197  15:13  Spine Crawler, Spore Crawler  
  197  15:14  Spine Crawler  
  196  15:25  Zerg Flyer Armor Level 1  
  193  15:41  Corruptor x3  
  185  15:43  Infestor x3  
  185  15:44  Corruptor x3  
  188  15:53  Pathogen Glands  
  188  15:56  Zerg Melee Weapons Level 2  
  188  15:58  Adrenal Glands  
  188  16:01  Drone x2  
  188  16:02  Extractor  
  188  16:03  Extractor  
  188  16:14  Zergling x24  
  198  16:20  Corruptor  
  180  16:28  Corruptor x10  
  177  16:37  Roach  
  177  16:38  Roach x4  
  176  16:47  Brood Lord x3  
  176  16:48  Brood Lord x7  
  176  16:49  Neural Parasite  
  176  16:51  Corruptor x2  
  200  16:59  Baneling Nest  
  199  17:09  Drone  
  199  17:18  Drone  
  199  17:19  Zerg Flyer Weapons Level 3  
  198  17:57  Roach x2  
  198  18:00  Roach x3  
  191  18:13  Roach x4  
  191  18:27  Roach x2  
  191  18:28  Roach x2  
  198  18:41  Infestor  
  198  18:42  Infestor x2  
  198  18:44  Roach  
  198  18:47  Overlord x2  
  194  18:48  Overlord  
  194  18:53  Overlord, Drone x11  
  170  19:06  Overlord  
  170  19:07  Overlord  
  170  19:09  Infestor x3  
  164  19:10  Hatchery  
  164  19:14  Roach x3  
  164  19:15  Roach x2  
  168  19:20  Roach x4  
  168  19:23  Brood Lord x2  
  176  19:24  Brood Lord x5  
  176  19:27  Infestor x4  
  176  19:28  Infestor x3  
  198  19:34  Corruptor  
  200  19:52  Zergling x12  
  200  19:53  Hatchery  
  200  19:58  Corruptor x3  
  193  20:02  Roach x3, Ravager  
  200  20:14  Hatchery  
  197  20:28  Drone x3  
  193  20:33  Drone  
  193  20:34  Drone  
  195  20:39  Brood Lord  
  195  20:40  Brood Lord x2  
  198  20:46  Hatchery, Spine Crawler  
  198  20:48  Spine Crawler  
  195  20:52  Roach x2  

Tags
 
Add a new tag
Caveats
  • Supply blocks, unpowered buildings, or Contaminate may cause inaccurate times.
  • Supply counts are checked every 10 seconds.